 Dungeon Crawl Stone Soup version 0.30-a0-339-g89bb51ec76 (webtiles) character file.

Game seed: 10518144271522636210

97 Muataran the Chopper (level 4, -2/40 HPs)
             Began as a Hill Orc Fighter on Nov 1, 2022.
             Slain by Sigmund
             ... wielding a +0 scythe
              (9 damage)
             ... on level 2 of the Dungeon.
             The game lasted 00:03:41 (1707 turns).

Muataran the Chopper (Hill Orc Fighter)             Turns: 1707, Time: 00:03:42

Health: -2/40      AC:  8    Str: 20    XL:     4   Next: 68%
Magic:  4/4        EV:  9    Int:  8    God:
Gold:   166        SH:  0    Dex: 10    Spells: 3/3 levels left

rFire   . . .      SeeInvis .    a - +0 war axe
rCold   . . .      Faith    .    c - +0 buckler
rNeg    . . .      Spirit   .    b - +0 scale mail
rPois   .          Reflect  .    (no helmet)
rElec   .          Harm     .    (no cloak)
rCorr   .          Rampage  .    o - +0 pair of gloves
Will    .....                    (no boots)
Stlth   ..........               (no amulet)
HPRegen 0.26/turn                (no ring)
MPRegen 0.09/turn                (no ring)

@: confused
A: no striking features
a: no special abilities


You were on level 2 of the Dungeon.
You visited 1 branch of the dungeon, and saw 4 of its levels.

You collected 166 gold pieces.

Inventory:

Hand Weapons
 a - a +0 war axe (weapon)
Armour
 b - a +0 scale mail (worn)
 c - a +0 buckler (worn)
 o - a +0 pair of gloves (worn)
Scrolls
 f - a scroll of summoning {unknown}
 l - a scroll of immolation {unknown}
 n - a scroll of torment {unknown}
 q - a scroll of identify {unknown}
 s - 3 scrolls of poison {unknown}
Potions
 d - 5 potions of might
 e - a potion of resistance {unknown}
 g - a potion of mutation {unknown}
 h - a potion of attraction {unknown}
 i - a potion of heal wounds {unknown}
 j - 2 potions of curing {unknown}
 k - a potion of degeneration {unknown}
 m - a potion of flight {unknown}
 p - a potion of magic {unknown}
 r - a potion of brilliance {unknown}


   Skills:
 + Level 4.2 Fighting
 * Level 4.5 Axes
 + Level 3.9 Armour
 + Level 3.9 Shields


You had 3 spell levels left.
You didn't know any spells.
Your spell library contained the following spells:

 Spells                   Type           Power      Damage    Failure   Level
 Sublimation of Blood     Necr           0%         N/A       94%         2
 Petrify                  Tmut/Erth      0%         N/A       100%        4
 Irradiate                Conj/Tmut      0%         3d11      100%        5
 Summon Forest            Summ/Tloc      0%         N/A       100%        5
 Summon Mana Viper        Hex/Summ       0%         N/A       100%        5
 Summon Cactus Giant      Summ           0%         N/A       100%        6


Dungeon Overview and Level Annotations

Branches:
Dungeon (4/15)
 Temple: D:4-7

Altars:

Annotations:
D:2 Sigmund
D:3 Grinder


Message History

The endoplasm freezes you.
You are frozen.
You hit the endoplasm.
The endoplasm is moderately wounded.
The endoplasm freezes you.
You are frozen.
You completely miss the endoplasm.
The endoplasm is moderately wounded.
The endoplasm barely misses you. The endoplasm freezes you.
You are frozen.
You block the goblin's attack.
You barely miss the endoplasm.
The endoplasm is moderately wounded.
You slash the goblin!
You kill the goblin!
The endoplasm closely misses you.
You slash the endoplasm!
You kill the endoplasm!
No target in view!
No target in view!
You see here a +0 club.
Sigmund the Dreaded comes into view.
He is wielding a +0 scythe and carrying a wand of light (7).
Found 17 gold pieces.
Sigmund shouts!
Sigmund is nearby!
Okay, then.
Sigmund zaps a wand.
The bolt of light hits you!
You are confused.
You bump into the rock wall.
Sigmund zaps a wand.
The bolt of light hits you!!
You are more confused.
Ouch! That really hurt!
* * * LOW HITPOINT WARNING * * *
You bump into the rock wall.
You bump into the rock wall.
Sigmund gestures at you while chanting.
You are more confused.
You bump into the rock wall.
You bump into the rock wall.
Sigmund hits you from afar with a +0 scythe!
You die...

##############
#...@.@......#
#.##########.#
#$
#...##########
#@
#.............
..
#.....).######
##
##..###.######
#............
....~~~..#####
##..~~8~~.#


You could see Sigmund.

Vanquished Creatures
  A gnoll (D:1)
  An adder (D:3)
  A dart slug (D:1)
  2 worms (D:3)
  5 orcs (D:3)
  3 endoplasms
  3 giant cockroaches
  7 goblins
  6 hobgoblins (D:1)
  8 jackals (D:1)
  4 kobolds
  9 ball pythons
  3 bats
  3 frilled lizards (D:1)
  4 rats
60 creatures vanquished.

Notes
Turn   | Place    | Note
-------+----------+-------------------------------------------
     0 | D:1      | Muataran the Hill Orc Fighter began the quest for the Orb.
     0 | D:1      | Reached XP level 1. HP: 19/19 MP: 1/1
   135 | D:1      | Reached XP level 2. HP: 26/27 MP: 2/2
   290 | D:1      | Reached XP level 3. HP: 33/33 MP: 3/3
  1108 | D:2      | You fall into a shaft and drop 2 floors!
  1119 | D:3      | Reached XP level 4. HP: 40/40 MP: 4/4
  1531 | D:3      | Noticed Grinder
  1538 | D:3      | Paralysed by Grinder for 4 turns
  1698 | D:2      | Noticed Sigmund
  1707 | D:2      | Slain by Sigmund

Illustrated notes

Levels and vault maps discovered:
D:1:      dpeg_arrival_prison, layout_basic, chequers_serial_rivers_large_a,
          st_stairs_11, amethyst_killhole, chequers_serial_rivers_micro_e,
          minmay_hexomino_p4
D:2:      layout_loops_ring, moated_statue, minmay_misc_feat_doors,
          hangedman_abyss_or_decor_stabs, grunt_ministairs_15,
          minmay_increasing_density, uniq_sigmund, uniq_terence
D:3:      layout_loops_ring, minmay_cupped, uniq_grinder
D:4:      minmay_recursive_quarters, layout_loops_cross,
          yredelemnul_forgotten_temple_becter

Skill      XL: |  1  2  3 |
---------------+----------+-----
Axes           | 3 4 |  4.5
Fighting       | 4 |  4.2
Armour         | |  3.9
Shields        | |  3.9

Action                   |  1- 3 |  4- 6 || total
-------------------------+-------+-------++-------
Melee: War axe           |   115 |    55 ||   170
Armor: Scale mail        |    62 |    22 ||    84
Dodge: Dodged            |    60 |    25 ||    85
Block: Buckler           |    32 |    13 ||    45

Table legend: (Time is in decaauts)
 A = Elapsed time spent in this place.
 B = Non-inter-level travel time spent in this place.
 C = Inter-level travel time spent in this place.
 D = Time resting spent in this place.
 E = Time spent auto-exploring this place.
 F = Levels seen in this place.
 G = Mean time per level.
                   A        B        C        D        E       F      G
               +--------+--------+--------+--------+--------+-----+--------+
         Total |   1780 |   1722 |     58 |     14 |   1176 |   4 |  445.0 |
       Dungeon |   1780 |   1722 |     58 |     14 |   1176 |   4 |  445.0 |
               +--------+--------+--------+--------+--------+-----+--------+

Top non-repeatable levels by time:
     D:1: 1125 daAuts
     D:3: 451 daAuts
     D:2: 196 daAuts
     D:4: 7 daAuts
